 Dungeon Crawl Stone Soup version 0.31-a0-965-g8a8ce12e04 (webtiles) character file.

Game seed: 9198360439414796048

1535267 grothendieck the Slayer (level 25, 253/253 HPs)
             Began as a Minotaur Gladiator on Oct 24, 2023.
             Was a High Priest of Okawaru.
             Escaped with the Orb
             ... and 3 runes on Oct 26, 2023!
             The game lasted 06:40:48 (78502 turns).

grothendieck the Slayer (Minotaur Gladiator)       Turns: 78502, Time: 06:40:49

Health: 253/253    AC: 45    Str: 26      XL:     25   Next: 28%
Magic:  32/32      EV: 12    Int:  8 (10) God:    Okawaru [*****.]
Gold:   6413       SH: 24    Dex: 13      Spells: 11/28 levels left

rFire   + + +        a - +8 mithril axe "Arga" {speed, Will+}
rCold   + + .        W - +2 tower shield {AC+3}
rNeg    + . .        F - +4 gold dragon scales
rPois   +            X - +2 hat
rElec   +            S - scarf {rC+ rF+}
rCorr   .            p - +2 pair of gloves
SInv    .            V - +2 pair of boots {Fly}
Will    ++...        r - amulet of regeneration Stlth
                     q - ring "Opsaicixt" {rF+ rN+ Int+3}
HPRegen 1.42/turn    A - +4 ring of protection
MPRegen 0.23/turn

%: no passive effects
@: flying, studying Invocations
A: horns 2, retaliatory headbutt, clumsy 1, electricity resistance
0: Orb of Zot
}: 3/15 runes: decaying, serpentine, abyssal
a: Renounce Religion, Heroism, Finesse, Duel


You escaped.
You worshipped Okawaru.
Okawaru was extremely pleased with you.
You visited 10 branches of the dungeon, and saw 47 of its levels.
You visited the Abyss 1 time.
You also visited: Gauntlet and Ice Cave.

You collected 8225 gold pieces.
You spent 1812 gold pieces at shops.

Inventory:

Hand Weapons
 a - the +8 mithril axe "Arga" (weapon) {speed, Will+}
   (You acquired it on level 12 of the Dungeon)

   Will+:     It increases your willpower.
 b - a +9 vampiric broad axe
Missiles
 d - 5 throwing nets (quivered)
 e - 38 javelins
 P - 45 silver javelins
 Q - 8 curare-tipped darts
Armour
 p - a +2 pair of gloves (worn)
 F - +4 gold dragon scales (worn)
 S - a scarf of resistance (worn)
 V - a +2 pair of boots of flying (worn)
 W - a +2 tower shield of protection (worn)
 X - a +2 hat (worn)
Jewellery
 q - the ring "Opsaicixt" (left hand) {rF+ rN+ Int+3}
   (You found it on level 3 of the Vaults)

   [ring of protection from fire]

   Int+3:     It affects your intelligence (+3).
   rF+:       It protects you from fire.
   rN+:       It protects you from negative energy.
 r - an amulet of regeneration (around neck)
 y - the ring "Vamias" {*Corrode Will++ Str+6}
   (You found it on level 1 of the Depths)

   [ring of strength]

   Str+6:     It affects your strength (+6).
   Will++:    It greatly increases your willpower.
   *Corrode:  It may corrode you when you take damage.
 A - a +4 ring of protection (right hand)
 G - the ring "Noilus" {Str+3 Int+6}
   (You took it off a frost giant on level 3 of the Depths)

   [ring of intelligence]

   Str+3:     It affects your strength (+3).
   Int+6:     It affects your intelligence (+6).
 K - the ring "Vuxkosia" {Ice rElec Str-5 Int+7 Stlth+}
   (You acquired it on level 4 of the Realm of Zot)

   [ring of ice]

   Ice:       It enhances your ice magic.
   Str-5:     It affects your strength (-5).
   Int+7:     It affects your intelligence (+7).
   rF-:       It makes you vulnerable to fire.
   rC+:       It protects you from cold.
   rElec:     It insulates you from electricity.
   Stlth+:    It makes you more stealthy.
Wands
 h - a wand of iceblast (59)
 v - a wand of acid (20)
 x - a wand of digging (35)
Scrolls
 j - 15 scrolls of teleportation
 l - 2 scrolls of silence
 s - 6 scrolls of fog
 w - 6 scrolls of blinking
 D - 8 scrolls of fear
 E - 6 scrolls of vulnerability
 H - 5 scrolls of immolation
Potions
 f - 10 potions of heal wounds
 g - 3 potions of ambrosia
 i - 3 potions of haste
 k - 8 potions of mutation
 m - 7 potions of might
 n - 3 potions of invisibility
 o - 14 potions of curing
 u - 4 potions of attraction
 z - 9 potions of resistance
 B - 5 potions of cancellation
 C - a potion of berserk rage
 M - 5 potions of magic
 N - 4 potions of enlightenment
 R - 3 potions of lignification
Miscellaneous
 J - a phial of floods
 L - a condenser vane
 O - a lightning rod (4/4)


   Skills:
 + Level 26.1 Fighting
 - Level 18.0 Axes
 - Level 2.9 Throwing
 - Level 22.7 Armour
 + Level 15.6 Dodging
 - Level 22.0 Shields
 - Level 2.1 Spellcasting
 + Level 12.4 Translocations
 + Level 8.1 Transmutations
 + Level 5.0 Earth Magic
 - Level 14.0 Invocations
 - Level 11.5 Evocations


You had 11 spell levels left.
You knew the following spells:

 Your Spells              Type           Power      Damage    Failure   Level
a - Apportation           Tloc           40%        N/A       3%          1
b - Blink                 Tloc           40%        N/A       4%          2
c - Wereblood             Tmut           13%        N/A       28%         2
l - Lesser Beckoning      Tloc           40%        N/A       4%          2
p - Passage of Golubria   Tloc           20%        N/A       30%         4
v - Vhi's Electric Charg  Tloc/Air       20%        N/A       99%         4
w - Passwall              Tmut/Erth      9%         N/A       47%         2

Your spell library contained the following spells:

 Spells                   Type           Power      Damage    Failure   Level
 Gell's Gravitas          Tloc           20%        N/A       10%         3
 Teleport Other           Tloc           20%        N/A       10%         3
 Manifold Assault         Tloc           20%        N/A       30%         4
 Momentum Strike          Conj/Tloc      20%        3d8       52%         2
 Sandblast                Erth           16%        2d6       54%         1
 Sting                    Tmut/Pois      28%        1d4       69%         1
 Petrify                  Tmut/Erth      11%        N/A       98%         4
 Foxfire                  Conj/Fire      0%         2x1d4     99%         1
 Kiss of Death            Conj/Necr      0%         2d5       99%         1
 Magic Dart               Conj           0%         1d3       99%         1
 Necrotise                Necr           0%         1d4       99%         1
 Ignite Poison            Fire/Tmut/Pois 5%         N/A       99%         3
 Stone Arrow              Conj/Erth      8%         3d7       99%         3
 Iskenderun's Mystic Bla  Conj/Tloc      10%        2d4       99%         4
 Dispersal                Tloc           10%        N/A       99%         6
 Cigotuvi's Dreadful Rot  Necr/Pois/Air  0%         N/A       100%        2
 Jinxbite                 Hex            0%         N/A       100%        2
 Poisonous Vapours        Pois/Air       0%         N/A       100%        2
 Scorch                   Fire           0%         2d5       100%        2
 Searing Ray              Conj           0%         2d4       100%        2
 Sublimation of Blood     Necr           0%         N/A       100%        2
 Confusing Touch          Hex            0%         N/A       100%        3
 Dazzling Flash           Conj/Hex       0%         N/A       100%        3
 Hailstorm                Conj/Ice       0%         3d3       100%        3
 Inner Flame              Hex/Fire       0%         N/A       100%        3
 Ozocubu's Armour         Ice            0%         N/A       100%        3
 Anguish                  Hex/Necr       0%         N/A       100%        4
 Brom's Barrelling Bould  Conj/Erth      4%         2d3       100%        4
 Cause Fear               Hex            0%         N/A       100%        4
 Dispel Undead            Necr           0%         3d6       100%        4
 Flame Wave               Conj/Fire      0%         2d4       100%        4
 Fulminant Prism          Conj/Hex       0%         3d5       100%        4
 Olgreb's Toxic Radiance  Pois           0%         N/A       100%        4
 Agony                    Necr           0%         N/A       100%        5
 Alistair's Intoxication  Tmut/Pois      4%         N/A       100%        5
 Arcjolt                  Conj/Air       0%         1d10      100%        5
 Borgnjor's Vile Clutch   Necr/Erth      2%         N/A       100%        5
 Fireball                 Conj/Fire      0%         3d3       100%        5
 Freezing Cloud           Conj/Ice/Air   0%         6-21      100%        5
 Irradiate                Conj/Tmut      3%         3d12      100%        5
 Lee's Rapid Deconstruct  Erth           4%         3d5*      100%        5
 Metabolic Englaciation   Hex/Ice        0%         N/A       100%        5
 Silence                  Hex/Air        0%         N/A       100%        5
 Yara's Violent Unravell  Hex/Tmut       3%         3d4       100%        5
 Conjure Ball Lightning   Conj/Air       0%         3x3d6     100%        6
 Eringya's Noxious Bog    Tmut/Pois      3%         4d6       100%        6
 Plasma Beam              Fire/Air       0%         2x1d10    100%        6
 Starburst                Conj/Fire      0%         6d3       100%        6
 Enfeeble                 Hex            0%         N/A       100%        7
 Orb of Destruction       Conj           0%         9d5       100%        7
 Ozocubu's Refrigeration  Ice            0%         4d7       100%        7
 Discord                  Hex            0%         N/A       100%        8
 Disjunction              Tloc           10%        N/A       100%        8
 Lehudib's Crystal Spear  Conj/Erth      2%         10d2      100%        8
 Maxwell's Capacitive Co  Air            0%         ∞         100%        8
 Summon Guardian Golem    Hex/Summ       Unusable   N/A       N/A         3
 Tukima's Dance           Hex            Unusable   N/A       N/A         3
 Animate Armour           Summ/Erth      Unusable   N/A       N/A         4
 Animate Dead             Necr           Unusable   N/A       N/A         4
 Summon Ice Beast         Ice/Summ       Unusable   N/A       N/A         4
 Summon Lightning Spire   Summ/Air       Unusable   N/A       N/A         4
 Simulacrum               Ice/Necr       Unusable   N/A       N/A         6
 Summon Cactus Giant      Summ           Unusable   N/A       N/A         6
 Haunt                    Necr/Summ      Unusable   N/A       N/A         7
 Malign Gateway           Summ/Tloc      Unusable   N/A       N/A         7
 Spellforged Servitor     Conj/Summ      Unusable   N/A       N/A         7
 Summon Hydra             Summ           Unusable   N/A       N/A         7
 Infestation              Necr           Unusable   N/A       N/A         8
 Dragon's Call            Summ           Unusable   N/A       N/A         9

Dungeon Overview and Level Annotations

Branches:
Dungeon (15/15)            Temple (1/1) D:4            Lair (5/5) D:11
  Swamp (4/4) Lair:3        Snake (4/4) Lair:3        Slime (0/5) Lair:5
    Orc (2/2) D:11            Elf (3/3) Orc:2        Vaults (4/5) D:14
  Crypt (0/3) Vaults:2     Depths (4/4) D:15            Zot (5/5) Depths:4
  IceCv (visited)         Gauntlet (visited)

Altars:
Ashenzari
Cheibriados
Dithmenos
Elyvilon
Fedhas
Gozag
Hepliaklqana
Kikubaaqudgha
Makhleb
Nemelex Xobeh
Okawaru
Qazlal
Ru
Sif Muna
Trog
Uskayaw
Vehumet
Wu Jian
Xom
Yredelemnul
Zin
The Shining One
Jiyva

Shops:
Orc:2 ((!(   Elf:1 :   Snake:1 (   Snake:2 **   Snake:4 *   Vaults:4 !
Depths:1 *   Depths:2 *

Portals:
Hell: Depths:1 Depths:2 Depths:3 Depths:4
Abyss: Vaults:2 Depths:3
Pandemonium: Depths:2 Depths:4
Ziggurat: Depths:1
Trove: D:10 (give 10 potions of heal wounds)

Annotations:
Zot:2 1 runed translucent door, Lioda's ghost, legendary MiBe


Innate Abilities, Weirdness & Mutations

You have a pair of horns on your head.
You reflexively headbutt those who attack you in melee.
You are clumsy. (Dex -2)
You are resistant to electric shocks. (rElec)


Message History

There is an open door here.
There is a stone staircase leading up here.
You fly upwards.
There is a stone staircase leading down here.
There is a stone staircase leading up here.
You fly upwards.
There is a stone staircase leading down here.
There is a stone staircase leading up here.
You fly upwards.
There is a stone staircase leading down here.
There is a stone staircase leading up here.
You fly upwards.
There is a stone staircase leading down, spattered with blood here.
There is a stone staircase leading up, spattered with blood here.
You fly upwards.
There is a stone staircase leading down here.
Things that are here:
a +0 helmet; a +0 animal skin; a +5 short sword of speed
There is a stone staircase leading up here.
You fly upwards.
There is a stone staircase leading down here.
There is an open door here.
Things that are here:
a +0 robe; a +0 dagger
Things that are here:
a +0 scale mail; a +0 short sword A sun demon comes into view.
There is an open door here.
You see here a +0 dagger.
There is an open door here.
There is a stone staircase leading up here.
You fly upwards.
There is a stone staircase leading down here.
What level of the Dungeon? (default 1, ? - help)
There is a fountain of clear blue water here.
There is a staircase leading out of the dungeon here.
As you read the scroll of fog, it dissolves into smoke.
As you read the scroll of immolation, it crumbles to dust.
The air around you briefly surges with heat, but it dissipates.
You have escaped!

#...#
###.....#....#..#
#...# #.....≈....≈..#
##### #.....≈.⌠..≈..#
#.....≈....≈..#
#.....#....#..#
####≈≈###≈≈###.######
#.#§§§§#.....#.#.....
#.§§§§§≈.....#.#.....
#.§§@§.§.....#.#.....
#.§§§§§§.....#.######
#.#§§§§#.....#.# ##
#.'#≈≈##.......#####.
#......#####...##....
##....###............
####..)..####.##....
#####.####.>..#..
#.........#..


There were no monsters in sight!

Vanquished Creatures
  5 dread liches
  2 ancient liches
  3 orbs of fire (Zot:5)
  Mennas (Depths:4)
  Frederick (Depths:3)
  the Lernaean hydra (Swamp:4)
  4 Killer Klowns
  2 curse toes
  The ghost of Ugguttuj the Peltast, a veteran DrWn of Okawaru (Vaults:2)
  8 golden dragons
  A caustic shrike (Depths:3)
  4 electric golems
  Jorgrun (D:13)
  A walking crystal tome (Depths:2)
  Zenata (D:14)
  18 tentacled monstrosities
  2 liches
  28 Orb Guardians
  The ghost of Gladio the Warrior, an adept FoFi of Okawaru (Snake:1)
  A deep elf master archer (Elf:3)
  2 walking divine tomes
  A titan (Depths:3)
  Asterion (Elf:2)
  3 deep elf blademasters
  3 quicksilver dragons
  3 sphinxes
  4 tentacled starspawn
  13 death cobs
  7 shadow dragons
  An Executioner (Vaults:2)
  2 thorn hunters
  3 tengu reavers
  Aizul (Vaults:1)
  16 storm dragons
  14 nagarajas
  12 draconian monks
  6 draconian knights
  6 fire giants
  9 frost giants
  A fenstrider witch (Swamp:3)
  4 deep elf sorcerers (Elf:3)
  10 draconian scorchers
  14 vault wardens
  A ghoul (Swamp:3)
  8 draconian stormcallers
  7 deep elf elementalists (Elf:3)
  2 iron dragons (Depths:3)
  17 ironbound preservers
  3 ghost moths
  2 spriggan defenders (Depths:4)
  3 draconian shifters
  3 war gargoyles
  A demonspawn corrupter (Zot:3)
  2 quicksilver oozes (IceCv)
  4 orc warlords
  9 draconian annihilators
  3 formless jellyfish
  A broodmother (shapeshifter) (Vaults:2)
  A reaper (Depths:4)
  11 stone giants
  13 very ugly things
  4 deep elf demonologists (Elf:3)
  A vampire knight (Depths:3)
  4 ironbound thunderhulks
  13 green draconians
  6 dire elephants
  4 eleionomae
  Azrael (Snake:3)
  5 spark wasps
  11 deep elf annihilators (Elf:3)
  3 bunyips
  12 yellow draconians
  14 black draconians
  13 red draconians
  9 purple draconians
  A minotaur (Gauntlet)
  15 white draconians
  4 deep elf death magi
  A green death (Zot:3)
  A crystal guardian (Vaults:3)
  Josephine (Lair:5)
  A merfolk javelineer (Depths:1)
  7 ettins
  4 deep elf high priests (Elf:3)
  A shambling mangrove (Swamp:2)
  9 yaktaur captains
  7 fire dragons
  4 vault guards (Vaults:3)
  3 entropy weavers
  14 hydras
  3 salamander tyrants (Snake:4)
  4 peacekeepers
  A hell beast (Depths:4)
  11 ice dragons
  3 great orbs of eyes
  5 rakshasas
  A ghost crab (Swamp:2)
  7 ironbound frosthearts
  4 centaur warriors
  3 spriggan air magi (Depths:3)
  8 alligators
  7 boulder beetles
  A satyr (shapeshifter) (Vaults:2)
  26 dancing weapons
  22 naga warriors
  9 anacondas
  2 two-headed ogres
  2 deep troll earth magi (Depths:2)
  2 thrashing horrors (Abyss:3)
  5 death yaks
  5 orc high priests
  4 tengu warriors
  2 vampire magi
  A deep troll shaman (Depths:3)
  Urug (Lair:5)
  4 spriggan berserkers
  10 shock serpents
  11 naga sharpshooters
  5 hell knights
  The ghost of Hisole the Geomancer, a novice GrEE of Vehumet (Lair:1)
  5 skysharks
  2 wretched stars (Abyss:3)
  Nergalle (D:10)
  17 deep elf knights
  7 goliath frogs
  7 salamander mystics
  A skyshark (shapeshifter) (Depths:3)
  7 large abominations
  18 swamp dragons
  An orange crystal statue (Zot:5)
  4 sixfirhies
  10 skeletal warriors
  35 deep trolls
  2 flayed ghosts
  3 arcanists
  5 bog bodies
  An obsidian statue (Snake:2)
  2 spriggan druids
  13 ironbound convokers
  15 deep elf archers
  41 deep elf pyromancers
  4 necromancers
  9 orc knights
  Pikel (D:4)
  4 mana vipers
  4 glowing orange brains
  3 harpies (Vaults:3)
  8 lindwurms
  8 naga ritualists
  19 deep elf zephyrmancers
  35 ugly things
  6 orc sorcerers
  3 manticores
  2 will-o-the-wisps
  7 cyclopes
  2 worldbinders (Abyss:3)
  39 black mambas
  30 moths of wrath
  10 guardian serpents
  An ice statue (Lair:3)
  A rust devil (Gauntlet)
  22 vault sentinels
  32 salamanders
  18 naga magi
  An apocalypse crab (Abyss:3)
  A smoke demon (Depths:4)
  An eye of devastation (D:12)
  3 gargoyles
  10 cane toads
  A hellion (D:15)
  Psyche (D:12)
  3 kobold demonologists
  3 tormentors
  An efreet (D:14)
  A yaktaur (shapeshifter) (Abyss:3)
  A freezing wraith (Vaults:1)
  An elf (Vaults:2)
  7 rime drakes
  15 komodo dragons
  34 yaktaurs
  2 tengu conjurers
  An ancient zyme (Abyss:3)
  4 tyrant leeches
  15 polar bears
  6 trolls
  14 hornets
  A tarantella (shapeshifter) (D:12)
  20 blink frogs
  A glass eye (Depths:3)
  2 raiju (Lair:5)
  A jumping spider (shapeshifter) (Vaults:2)
  6 flying skulls (Gauntlet)
  35 slime creatures
  6 wraiths
  2 ynoxinuls
  15 spriggans
  5 shadows
  4 wyverns
  Eustachio (D:4)
  A fire elemental (Elf:2)
  5 water elementals
  4 air elementals
  5 vampires
  35 yaks
  6 basilisks
  A chaos spawn (Abyss:3)
  A steam dragon (Lair:5)
  6 vampire mosquitoes
  43 nagas
  A neqoxec (Abyss:3)
  9 wargs
  A small abomination (Abyss:3)
  11 swamp worms
  13 water moccasins
  Duvessa (D:6)
  6 acid dragons
  17 hell hounds
  3 great orb of eyes simulacra (IceCv)
  22 orc warriors
  A sky beast (shapeshifter) (Vaults:4)
  An ice beast (shapeshifter) (Depths:3)
  10 swamp drakes
  14 black bears
  8 boggarts (D:15)
  2 ice beasts (Lair:3)
  A tengu (shapeshifter) (Vaults:2)
  36 wolves
  3 ogres (Orc:2)
  8 centaurs
  4 lemures (D:3)
  4 slime creature simulacra (IceCv)
  16 bullfrogs
  4 earth elementals
  2 kobold brigands
  4 elf zombies (Elf:1)
  A gnoll sergeant (D:8)
  A scorpion (D:6)
  4 glowing shapeshifter simulacra (IceCv)
  9 wights
  Dowan (D:6)
  6 killer bees
  A howler monkey (D:8)
  2 electric eels (Lair:2)
  A jelly (D:8)
  3 lava snakes (Snake:2)
  A quasit (Abyss:3)
  5 starcursed masses (Abyss:3)
  17 orc priests
  10 iguanas
  3 iron imps
  27 orc wizards
  9 hell rats
  An ogre zombie (D:4)
  Robin (D:3)
  An orc zombie (D:4)
  4 gnolls (D:2)
  8 adders
  2 shadow imps
  6 white imps
  6 ufetubi
  2 worms (D:2)
  66 orcs
  7 ball pythons
  6 endoplasms
  12 hobgoblins
  2 jackals (D:1)
  15 kobolds
  3 quokkas
  2 bats
  5 frilled lizards
  16 goblins
  8 rats
  2 lurking horrors (Abyss:3)
  6 spectral weapons (Elf:2)
  2 starspawn tentacles (Abyss:3)
1939 creatures vanquished.

Vanquished Creatures (others)
  A quicksilver dragon (Zot:3)
  A draconian shifter (Zot:2)
  A deep elf pyromancer (D:12)
  2 salamanders
  A naga mage (Snake:2)
  A komodo dragon (D:12)
  3 bloated husks
  A vampire (D:12)
  An orc priest (Elf:2)
  6 foxfires
  A lurking horror (Vaults:2)
  8 starspawn tentacles
27 creatures vanquished.

Grand Total: 1966 creatures vanquished

Notes
Turn   | Place    | Note
-------+----------+-------------------------------------------
     0 | D:1      | grothendieck the Minotaur Gladiator began the quest for the
                  | Orb.
     0 | D:1      | Reached XP level 1. HP: 18/18 MP: 0/0
    72 | D:1      | Reached XP level 2. HP: 24/25 MP: 1/1
   146 | D:1      | Reached skill level 1 in Armour
   538 | D:1      | Reached skill level 3 in Fighting
   538 | D:1      | Reached XP level 3. HP: 31/31 MP: 2/2
  1415 | D:2      | Reached skill level 5 in Axes
  1415 | D:2      | Reached XP level 4. HP: 27/38 MP: 3/3
  1636 | D:2      | Reached XP level 5. HP: 38/46 MP: 4/4
  1715 | D:2      | Found a faded altar of an unknown god.
  2222 | D:3      | Found an ornate altar of the Wu Jian Council.
  2390 | D:3      | Found a snail-covered altar of Cheibriados.
  2428 | D:3      | Reached skill level 4 in Fighting
  2477 | D:3      | Found a glowing silver altar of Zin.
  2629 | D:4      | Found a transporter.
  2706 | D:4      | Noticed Robin
  2784 | D:4      | Noticed a lemure
  2784 | D:4      | Noticed a lemure
  2785 | D:4      | Noticed a lemure
  2787 | D:4      | Noticed Pikel
  2789 | D:4      | Noticed a lemure
  2796 | D:3      | Killed a lemure
  2807 | D:3      | Killed a lemure
  2868 | D:3      | Killed a lemure
  2888 | D:3      | Killed a lemure
  2963 | D:3      | Killed Robin
  3096 | D:4      | Noticed Eustachio
  3153 | D:4      | Killed Eustachio
  3154 | D:4      | Reached XP level 6. HP: 49/53 MP: 5/5
  3202 | D:4      | Killed Pikel
  3203 | D:4      | Reached skill level 5 in Fighting
  3203 | D:4      | Reached XP level 7. HP: 48/61 MP: 6/6
  3287 | D:4      | Found a staircase to the Ecumenical Temple.
  3309 | D:4      | Found a transporter.
  3323 | Temple   | Entered the Ecumenical Temple
  3350 | Temple   | Became a worshipper of Warmaster Okawaru
  3573 | D:4      | Found a stormy altar of Qazlal.
  3624 | D:5      | Entered Level 5 of the Dungeon
  3635 | D:5      | Reached skill level 5 in Armour
  4074 | D:5      | Found a shimmering blue altar of Sif Muna.
  4325 | D:5      | Reached skill level 6 in Fighting
  4325 | D:5      | Reached XP level 8. HP: 68/70 MP: 7/7
  4979 | D:6      | Noticed Duvessa
  5100 | D:6      | Noticed Dowan
  5771 | D:6      | Killed Duvessa
  5934 | D:6      | Killed Dowan
  6093 | D:7      | Reached skill level 10 in Axes
  6100 | D:7      | Reached skill level 7 in Fighting
  6134 | D:7      | Reached * piety under Okawaru
  6315 | D:7      | Noticed a hornet
  6318 | D:7      | Killed a hornet
  6319 | D:7      | Reached XP level 9. HP: 79/79 MP: 5/8
  6490 | D:7      | Identified the +4 mace "Wain" {flame, Fragile rPois rF++
                  | rCorr Str+3}
  6713 | D:7      | Identified the staff of Equilibrium {SInv Stlth+ Earth}
  6724 | D:7      | Reached ** piety under Okawaru
  6886 | D:8      | Found a sacrificial altar of Ru.
  6960 | D:8      | Found an opulent altar of Gozag.
  7061 | D:8      | Reached skill level 8 in Fighting
  7098 | D:8      | Found a shimmering altar of Xom.
  7337 | D:8      | Reached skill level 1 in Shields
  7337 | D:8      | Reached skill level 1 in Invocations
  7570 | D:8      | Identified the +6 war axe of Eriewuil {venom, rF+ Int+3
                  | Dex-4}
  7726 | D:8      | Found a sparkling altar of Nemelex Xobeh.
  7925 | D:9      | Reached XP level 10. HP: 90/90 MP: 10/10
  8170 | D:9      | Reached *** piety under Okawaru
  8260 | D:9      | Reached skill level 9 in Fighting
  8260 | D:9      | Noticed a smoke demon
  8798 | D:10     | Entered Level 10 of the Dungeon
  8798 | D:10     | Noticed a gargoyle
  8822 | D:10     | Reached **** piety under Okawaru
  8957 | D:10     | Found a portal to a secret trove of treasure.
  9029 | D:10     | Killed a gargoyle
  9105 | D:10     | Found a shadowy altar of Dithmenos.
  9336 | D:10     | Found a radiant altar of Vehumet.
  9500 | D:11     | Reached XP level 11. HP: 77/99 MP: 13/13
  9558 | D:11     | Reached ***** piety under Okawaru
  9633 | D:11     | Reached skill level 10 in Fighting
  9689 | D:11     | Found a staircase to the Lair.
  9710 | D:11     | Received a gift from Okawaru
  9968 | D:10     | Reached skill level 5 in Invocations
  9989 | D:11     | Noticed a two-headed ogre
 10101 | D:11     | Reached skill level 10 in Armour
 10139 | D:11     | Noticed Nergalle
 10152 | D:10     | Killed Nergalle
 10278 | IceCv    | Identified the "Nice"
 10278 | Lair:1   | Entered Level 1 of the Lair of Beasts
 10428 | D:11     | Reached skill level 15 in Axes
 10635 | Lair:1   | Reached skill level 11 in Fighting
 10858 | Lair:1   | Found a stormy altar of Qazlal.
 10923 | Lair:1   | Received a gift from Okawaru
 10925 | Lair:1   | Found a runed translucent door.
 11050 | Lair:1   | Noticed Hisole's ghost (novice GrEE)
 11278 | Lair:1   | Killed Hisole's ghost
 11279 | Lair:1   | Reached XP level 12. HP: 107/110 MP: 12/14
 11417 | Lair:2   | Found a gate leading to a gauntlet.
 11433 | Gauntlet | Entered a Gauntlet
 11433 | Gauntlet | Found a runed translucent door.
 11433 | Gauntlet | Found a transporter.
 11433 | Gauntlet | Found a runed translucent door.
 11433 | Gauntlet | Found a transporter.
 11441 | Gauntlet | Found a transporter.
 11445 | Gauntlet | Found a transporter.
 11456 | Gauntlet | Found a transporter.
 11457 | Gauntlet | Found a transporter.
 11465 | Gauntlet | Found a transporter.
 11482 | Gauntlet | Found a transporter.
 11500 | Gauntlet | Found a transporter.
 11500 | Gauntlet | Found a transporter.
 11511 | Gauntlet | Found a transporter.
 11512 | Gauntlet | Found a transporter.
 11725 | Gauntlet | Noticed a minotaur
 11732 | Gauntlet | Killed a minotaur
 11732 | Gauntlet | Received a gift from Okawaru
 11739 | Gauntlet | Identified the staff "Kunli" {rN+ Int+5 Necro}
 12099 | Lair:2   | Reached skill level 12 in Fighting
 12541 | Lair:2   | Identified the +6 great sword of Calamity {protect, *Slow
                  | Will++ Dex+4}
 13200 | Lair:3   | Found a staircase to the Swamp.
 13200 | Lair:3   | Noticed an eleionoma
 13219 | Lair:3   | Killed an eleionoma
 13219 | Lair:3   | Received a gift from Okawaru
 13427 | Lair:3   | Found a staircase to the Snake Pit.
 13445 | Lair:3   | Reached XP level 13. HP: 117/119 MP: 14/17
 13512 | Lair:3   | Identified the +1 pair of boots of Atheism {rC+ Str-4 SInv}
 14458 | Lair:4   | Reached skill level 13 in Fighting
 14780 | Lair:4   | Received a gift from Okawaru
 14850 | Lair:4   | Identified the +3 chain mail of the Northern Lights {rElec
                  | Int-2 Slay+6 SInv}
 15428 | Lair:5   | Entered Level 5 of the Lair of Beasts
 15428 | Lair:5   | Noticed Urug
 15619 | Lair:5   | Received a gift from Okawaru
 15785 | Lair:5   | Reached skill level 14 in Fighting
 15846 | Lair:5   | Reached ****** piety under Okawaru
 15890 | Lair:5   | Acquired a +3 heavy broad axe
 15890 | Lair:5   | Received a gift from Okawaru
 15895 | Lair:5   | Acquired the +1 tower shield of Esae {Str+3}
 15895 | Lair:5   | Received a gift from Okawaru
 16051 | Lair:5   | Noticed Josephine
 16064 | Lair:5   | Killed Josephine
 16065 | Lair:5   | Reached XP level 14. HP: 133/133 MP: 19/19
 16153 | Lair:5   | Killed Urug
 16340 | Lair:5   | Found a staircase to the Slime Pits.
 16341 | Lair:5   | Found a viscous altar of Jiyva.
 16718 | D:11     | Found a staircase to the Orcish Mines.
 16738 | D:11     | Reached skill level 1 in Evocations
 16794 | D:12     | Identified the +0 robe "Ucser" {*Slow rPois rF+ Dex+2}
 16806 | D:12     | Noticed Psyche
 16809 | D:12     | Killed Psyche
 16967 | D:12     | Reached skill level 5 in Shields
 17131 | D:12     | Noticed Nessos
 17144 | D:12     | Nessos changed into Nessos the eye of devastation
 17144 | D:12     | Noticed Nessos
 17148 | D:12     | Killed Nessos the eye of devastation
 17148 | D:12     | Received a gift from Okawaru
 17361 | D:12     | Reached skill level 15 in Fighting
 17517 | D:12     | Found a runed translucent door.
 17816 | Orc:1    | Entered Level 1 of the Orcish Mines
 17816 | Orc:1    | Noticed an orc warlord
 17876 | Orc:1    | Killed an orc warlord
 17978 | Orc:1    | Found a bloodstained altar of Trog.
 18098 | Orc:1    | You fall into a shaft and drop 1 floor!
 18098 | Orc:2    | Entered Level 2 of the Orcish Mines
 18103 | Orc:2    | Reached skill level 15 in Armour
 18189 | Arena    | Entered the Arena
 18190 | Arena    | Received a gift from Okawaru
 18214 | Orc:2    | Found a staircase to the Elven Halls.
 18300 | Orc:1    | Found a burning altar of Makhleb.
 18661 | D:13     | Identified the +0 robe of Fashionability {rElec rF- rCorr}
 18688 | D:13     | Noticed Jorgrun
 18907 | D:14     | Found a snail-covered altar of Cheibriados.
 19139 | D:14     | Received a gift from Okawaru
 19603 | D:14     | Learned a level 2 spell: Blink
 19764 | D:14     | Reached skill level 5 in Evocations
 19872 | D:14     | Found a gate to the Vaults.
 19875 | D:14     | Reached XP level 15. HP: 119/143 MP: 20/20
 19943 | D:15     | Entered Level 15 of the Dungeon
 20123 | D:15     | Found a staircase to the Depths.
 20262 | D:15     | Found a frozen archway.
 20277 | IceCv    | Entered an ice cave
 20334 | IceCv    | Reached skill level 16 in Fighting
 20585 | IceCv    | Received a gift from Okawaru
 20675 | IceCv    | Identified the ring of Secrets {Fly Str+6 Int+6 Stlth-}
 20836 | IceCv    | Noticed an azure jelly
 22885 | Lair:5   | Received a gift from Okawaru
 24357 | Orc:2    | Found a burning altar of Makhleb.
 24748 | Orc:2    | Received a gift from Okawaru
 25480 | Orc:2    | Reached skill level 10 in Shields
 25561 | Orc:2    | Found Zusk's Weapon Shop.
 25561 | Orc:2    | Found Ofraenez's Antique Weapon Emporium.
 25563 | Orc:2    | Found Plog's Antique Weapon Shop.
 25563 | Orc:2    | Found Joiruh's Distillery.
 25707 | Orc:2    | Bought a potion of heal wounds for 75 gold pieces
 25707 | Orc:2    | Bought a potion of lignification for 45 gold pieces
 25707 | Orc:2    | Bought a potion of heal wounds for 75 gold pieces
 25989 | Swamp:1  | Entered Level 1 of the Swamp
 25991 | Swamp:1  | Noticed a thorn hunter
 25999 | Swamp:1  | Killed a thorn hunter
 26244 | Swamp:1  | Reached skill level 17 in Fighting
 26273 | Swamp:1  | Received a gift from Okawaru
 26404 | Swamp:1  | Reached XP level 16. HP: 119/155 MP: 22/22
 27952 | Swamp:3  | Reached skill level 10 in Invocations
 28542 | Swamp:4  | Entered Level 4 of the Swamp
 28542 | Swamp:4  | Noticed a thorn hunter
 28551 | Swamp:4  | Killed a thorn hunter
 28597 | Swamp:3  | Learned a level 1 spell: Apportation
 28645 | Swamp:4  | Received a gift from Okawaru
 29000 | Swamp:3  | Reached skill level 18 in Fighting
 29704 | Swamp:3  | Received a gift from Okawaru
 29719 | Swamp:4  | Noticed the 27-headed Lernaean hydra
 30138 | Snake:1  | Entered Level 1 of the Snake Pit
 30327 | Snake:1  | Found Yrrav's Weapon Shop.
 30903 | Snake:2  | Learned a level 2 spell: Lesser Beckoning
 30908 | Snake:2  | Learned a level 4 spell: Passage of Golubria
 31053 | Snake:2  | Received a gift from Okawaru
 31054 | Snake:2  | Reached XP level 17. HP: 166/166 MP: 23/23
 31172 | Snake:2  | Reached skill level 1 in Translocations
 31270 | Snake:2  | Found an opulent altar of Gozag.
 31271 | Snake:2  | Found a runed translucent gate.
 31271 | Snake:2  | Found a runed translucent gate.
 31271 | Snake:2  | Found a runed translucent gate.
 31273 | Snake:2  | Found Hoezob's Assorted Antiques.
 31273 | Snake:2  | Noticed Gladio's ghost (adept FoFi)
 31287 | Snake:2  | Found Tufiklar's Assorted Antiques.
 31376 | Snake:2  | Identified the +1 leather armour of Vatzaherugg {Drain
                  | rElec rN++ Stlth+}
 31397 | Snake:2  | Found a shimmering blue altar of Sif Muna.
 32877 | Snake:3  | Received a gift from Okawaru
 32906 | Snake:3  | Reached skill level 19 in Fighting
 33170 | Snake:3  | Noticed Azrael
 33188 | Snake:3  | Killed Azrael
 33778 | Snake:4  | Entered Level 4 of the Snake Pit
 33850 | Snake:4  | Received a gift from Okawaru
 34902 | Snake:4  | Found Onaur's Assorted Antiques.
 34911 | Snake:4  | Bought a scroll of blinking for 247 gold pieces
 34911 | Snake:4  | Bought a scroll of teleportation for 99 gold pieces
 35240 | Snake:4  | Received a gift from Okawaru
 35674 | Snake:4  | Reached XP level 18. HP: 176/178 MP: 24/24
 36032 | Snake:4  | Reached skill level 5 in Translocations
 36067 | Snake:4  | Reached skill level 15 in Shields
 36103 | Snake:4  | Received a gift from Okawaru
 36221 | Snake:4  | Got a serpentine rune of Zot
 36438 | Snake:4  | Reached skill level 20 in Fighting
 36863 | Snake:1  | Killed Gladio's ghost
 37019 | Snake:2  | Bought a scroll labelled KEDUOB VEICLUT for 22 gold pieces
 37298 | Vaults:1 | Entered Level 1 of the Vaults
 37359 | Vaults:1 | Received a gift from Okawaru
 37859 | Vaults:2 | Found a staircase to the Crypt.
 37859 | Vaults:2 | Found a basalt altar of Yredelemnul.
 37860 | Vaults:2 | Found an ancient bone altar of Kikubaaqudgha.
 37991 | Vaults:1 | Received a gift from Okawaru
 38246 | Vaults:1 | Identified the serpent talisman of Foolhardiness {rC+}
 38246 | Vaults:1 | Noticed Aizul
 38269 | Vaults:1 | Killed Aizul
 38380 | Vaults:1 | Noticed Zenata
 38506 | D:14     | Killed Zenata
 39185 | Vaults:1 | Received a gift from Okawaru
 39188 | Vaults:1 | Reached XP level 19. HP: 162/188 MP: 22/25
 39761 | Vaults:2 | You fall into a shaft and drop 1 floor!
 39762 | Vaults:3 | Identified the ring "Opsaicixt" {rF+ rN+ Int+3}
 40097 | Vaults:3 | Reached skill level 21 in Fighting
 40493 | Vaults:3 | Received a gift from Okawaru
 40876 | Vaults:2 | Identified the +2 ring mail "Laolivyasma" {rC+ rN+ Str-2
                  | Int+3}
 41549 | Vaults:2 | Found a transporter.
 41573 | Vaults:2 | Found a one-way gate to the infinite horrors of the Abyss.
 41609 | Vaults:2 | Found a transporter.
 41729 | Vaults:2 | Received a gift from Okawaru
 41733 | Vaults:2 | Reached skill level 1 in Spellcasting
 42476 | Vaults:3 | Identified the +3 mace "Minotaur's Bane" {heavy, *Corrode
                  | rElec Dex+4}
 42629 | Vaults:2 | Received a gift from Okawaru
 43436 | D:13     | Killed Jorgrun
 43532 | D:13     | Identified the +2 chain mail of Imush {rElec}
 44210 | Abyss:3  | Cast into level 3 of the Abyss (a deep elf sorcerer)
 44590 | Abyss:3  | Paralysed by accursed screaming for 2 turns
 44596 | Abyss:3  | Received a gift from Okawaru
 44607 | Abyss:3  | Got an abyssal rune of Zot
 44693 | Abyss:3  | Noticed a bone dragon
 44711 | Vaults:2 | Escaped the Abyss
 44908 | D:12     | Identified 3 scrolls of acquirement
 44909 | D:12     | Acquired a manual of Invocations
 44911 | D:12     | Acquired the +8 mithril axe "Arga" {speed, Will+}
 44911 | D:12     | Found the +8 mithril axe "Arga" {speed, Will+}
 45125 | Vaults:3 | Reached XP level 20. HP: 179/179 MP: 26/26
 45505 | Vaults:3 | Identified the +2 robe "Ulicveinin" {Str+3}
 45939 | Vaults:4 | Reached skill level 5 in Dodging
 46357 | Vaults:4 | Found Quagap's Distillery.
 46360 | Vaults:4 | Bought a potion of heal wounds for 80 gold pieces
 46360 | Vaults:4 | Bought a potion of heal wounds for 80 gold pieces
 46360 | Vaults:4 | Bought a potion of cancellation for 128 gold pieces
 46603 | Vaults:4 | Reached skill level 22 in Fighting
 47507 | Vaults:4 | Received a gift from Okawaru
 47811 | Vaults:2 | Noticed Ugguttuj's ghost (veteran DrWn)
 48235 | Depths:1 | Entered Level 1 of the Depths
 48513 | Depths:1 | Found Jeock's Assorted Antiques.
 48520 | Depths:1 | Bought a scroll of blinking for 247 gold pieces
 48595 | Depths:1 | Found a gateway to Hell.
 49125 | Depths:1 | Found a one-way gateway to a ziggurat.
 49148 | Depths:2 | Identified the "Atheil"
 49357 | Depths:2 | Received a gift from Okawaru
 49915 | Depths:2 | Found Wajes's General Store.
 50061 | Depths:2 | Bought a scroll of teleportation for 60 gold pieces
 50063 | Depths:2 | Found a hazy altar of Hepliaklqana.
 50067 | Depths:2 | Found a one-way gate leading to the halls of Pandemonium.
 50332 | Depths:4 | Entered Level 4 of the Depths
 50809 | Depths:3 | Received a gift from Okawaru
 50850 | Depths:3 | Reached XP level 21. HP: 193/209 MP: 29/29
 51010 | Depths:3 | Identified the +1 hand axe of Muofy {freeze, rPois}
 51261 | Depths:3 | Noticed Frederick
 51472 | Depths:3 | Killed Frederick
 51641 | Depths:3 | Identified the ring "Noilus" {Str+3 Int+6}
 51644 | Depths:3 | Identified the +6 lajatang "Tuwepo Giga" {freeze, rN+}
 51827 | Depths:3 | Noticed a caustic shrike
 51837 | Depths:3 | Killed a caustic shrike
 51905 | Depths:4 | Received a gift from Okawaru
 52009 | Depths:4 | Noticed a golden dragon
 52084 | Depths:3 | Killed a golden dragon
 52835 | Depths:3 | Reached skill level 23 in Fighting
 52849 | Depths:4 | Found a gate to the Realm of Zot.
 53387 | Depths:4 | Noticed Mennas
 53786 | Depths:1 | Received a gift from Okawaru
 54028 | Depths:1 | Identified the ring "Vamias" {*Corrode Will++ Str+6}
 54274 | Elf:1    | Identified the "Qochoexiam"
 54274 | Elf:1    | Entered Level 1 of the Elven Halls
 54492 | Elf:1    | Paralysed by an air elemental for 1 turns
 54516 | Elf:1    | Paralysed by an air elemental for 1 turns
 54523 | Elf:1    | Paralysed by an air elemental for 1 turns
 54687 | Elf:1    | Found Xoong's Book Emporium.
 54790 | Elf:1    | Reached skill level 10 in Translocations
 55089 | Elf:2    | Reached skill level 10 in Dodging
 55217 | Elf:2    | Paralysed by an air elemental for 1 turns
 55311 | Elf:2    | Paralysed by an air elemental for 1 turns
 55418 | Elf:2    | Found a runed translucent gate.
 55419 | Elf:2    | Found a runed translucent gate.
 55419 | Elf:2    | Found a runed translucent gate.
 55443 | Elf:2    | Noticed Asterion
 55463 | Elf:2    | Killed Asterion
 55496 | Elf:2    | Identified the +0 robe of Too Many Cooks {rElec rF++ Dex-3
                  | Stlth+}
 55649 | Elf:2    | Received a gift from Okawaru
 55731 | Elf:2    | Reached XP level 22. HP: 210/220 MP: 31/31
 55961 | Elf:3    | Identified the "Xyoshoro"
 55961 | Elf:3    | Identified the "Wicanuv"
 55961 | Elf:3    | Entered Level 3 of the Elven Halls
 56366 | Elf:2    | Received a gift from Okawaru
 57561 | Elf:3    | Identified the staff of Baleful Offence {Contam rN+ Will+
                  | Summ Necro}
 57658 | Elf:3    | Identified the staff "Deitwir" {rC+ Int+2 Ice}
 57935 | Elf:3    | Identified the +6 great sword "Xuiqimil" {venom, Contam
                  | rElec rPois Int+7}
 57972 | Elf:3    | Received a gift from Okawaru
 58102 | Elf:3    | Reached skill level 24 in Fighting
 58141 | Elf:3    | Identified the +5 glaive of Uncomfortable Rashes {speed,
                  | rF+ rN+ rCorr Str-5}
 58338 | Elf:3    | Identified the +1 scimitar of Dithmenos's Hatred {venom,
                  | SInv}
 59006 | Swamp:4  | Killed the 26-headed Lernaean hydra
 59267 | Swamp:4  | Got a decaying rune of Zot
 59414 | Lair:1   | Upgraded the game from 0.31-a0-963-ga325b2283a to
                  | 0.31-a0-965-g8a8ce12e04
 59419 | Lair:1   | Learned a level 4 spell: Vhi's Electric Charge
 59422 | Lair:1   | Learned a level 2 spell: Passwall
 59425 | Lair:1   | Learned a level 2 spell: Wereblood
 59862 | Depths:3 | Identified the staff of Hurrafesch {rElec rC+ Stlth+ Air}
 59914 | Depths:3 | Found a burning altar of Makhleb.
 60286 | Zot:1    | Entered Level 1 of the Realm of Zot
 60288 | Zot:1    | Noticed a golden dragon
 60311 | Depths:4 | Reached skill level 1 in Transmutations
 60323 | Zot:1    | Killed a golden dragon
 60484 | Depths:4 | Acquired 774 gold pieces
 60492 | Depths:4 | Acquired a scarf of invisibility
 60563 | Zot:1    | Received a gift from Okawaru
 60626 | Zot:1    | Identified the +1 robe of Theory {rC++}
 61151 | Vaults:2 | Killed Ugguttuj's ghost
 61853 | Depths:4 | Killed Mennas
 62297 | Zot:1    | Reached XP level 23. HP: 229/229 MP: 32/32
 63084 | Depths:4 | Reached skill level 10 in Evocations
 63631 | Depths:4 | Received a gift from Okawaru
 63895 | Zot:3    | Noticed a Killer Klown
 63922 | Zot:3    | Killed a Killer Klown
 64645 | Zot:2    | Found a runed translucent door.
 64651 | Zot:2    | Noticed Lioda's ghost (legendary MiBe)
 65027 | Zot:3    | Received a gift from Okawaru
 65919 | Zot:3    | Found the +3 giant club "Skullcrusher" {speed, Str+7}
 66581 | Zot:3    | Received a gift from Okawaru
 66981 | Zot:4    | Noticed a curse toe
 67462 | Zot:4    | Killed a curse toe
 68765 | Zot:4    | Reached skill level 5 in Transmutations
 68786 | Zot:4    | Reached skill level 25 in Fighting
 68850 | Zot:4    | Received a gift from Okawaru
 68988 | Zot:5    | Entered Level 5 of the Realm of Zot
 69174 | Zot:3    | Reached XP level 24. HP: 214/242 MP: 32/32
 70449 | Zot:2    | Found a stormy altar of Qazlal.
 70768 | Depths:2 | Bought a scroll of enchant armour for 150 gold pieces
 70768 | Depths:2 | Bought a wand of digging (6) for 504 gold pieces
 70771 | Depths:2 | Acquired the ring "Vuxkosia" {Ice rElec Str-5 Int+7 Stlth+}
 71801 | Zot:5    | Noticed a Killer Klown
 71819 | Zot:5    | Killed a Killer Klown
 72329 | Zot:5    | Received a gift from Okawaru
 73245 | Zot:5    | Noticed a dread lich
 73271 | Zot:5    | Killed a dread lich
 73272 | Zot:5    | Reached skill level 1 in Earth Magic
 73625 | Zot:5    | Noticed an orb of fire
 73626 | Zot:5    | Gained mutation: You are resistant to electric shocks.
                  | (rElec) [an orb of fire]
 73650 | Zot:5    | Killed an orb of fire
 73742 | Zot:5    | Noticed an ancient lich
 73743 | Zot:5    | Noticed a dread lich
 73755 | Zot:5    | Noticed a dread lich
 73876 | Zot:4    | Killed an ancient lich
 73892 | Zot:4    | Received a gift from Okawaru
 73895 | Zot:4    | Killed a dread lich
 73990 | Zot:5    | Killed a dread lich
 74136 | Zot:5    | Noticed a dread lich
 74234 | Zot:5    | Killed a dread lich
 74277 | Zot:5    | Noticed an orb of fire
 74294 | Zot:5    | Killed an orb of fire
 74465 | Zot:5    | Noticed a Killer Klown
 74975 | Zot:5    | Noticed a dread lich
 75031 | Zot:5    | Killed a dread lich
 75109 | Zot:5    | Reached skill level 15 in Dodging
 75149 | Zot:5    | Noticed an ancient lich
 75263 | Zot:5    | Killed an ancient lich
 75518 | Zot:5    | Noticed a Killer Klown
 75521 | Zot:5    | Noticed an orb of fire
 75999 | Zot:5    | Killed a Killer Klown
 76059 | Zot:5    | Killed a Killer Klown
 76059 | Zot:5    | Received a gift from Okawaru
 76247 | Zot:5    | Reached XP level 25. HP: 253/253 MP: 32/32
 76369 | Zot:5    | Gained mutation: You are clumsy. (Dex -2) [an orb of fire]
 76372 | Zot:5    | Killed an orb of fire
 76965 | Zot:5    | Reached skill level 26 in Fighting
 77970 | Zot:5    | Got the Orb of Zot
 78305 | D:15     | Reached skill level 5 in Earth Magic
 78502 | D:$      | Escaped with the Orb!

Illustrated notes

Levels and vault maps discovered:
D:1:      dpeg_arrival_rooms_with_view, layout_basic, st_stairs_4
D:2:      layout_basic, shapermc_ecumenical_altar_totnotflames
D:3:      layout_basic, nicolae_wu_jian_wuxing_cycle, minitemple
D:4:      gammafunk_cloud_chamber, layout_rooms,
          nicolae_qazlal_general_emergency, minmay_temple_entry_mini_moons,
          uniq_robin, uniq_eustachio, uniq_pikel
D:5:      layout_cave_pods, lemuel_blue_sif_altar
D:6:      hellmonk_destroyed_diamonds, layout_cave_pods, uniq_duvessa
D:7:      layout_basic, item_on_display_a
D:8:      minmay_skewed_foursquare, layout_basic,
          nicolae_overflow_crystal_walls, kennysheep_mini, lemuel_tele_altar,
          mainiacjoe_overflow_small_starburst
D:9:      layout_loops_ring
D:10:     layout_gridville, old_standard_altar, grunt_dithmenos_shadows,
          enter_trove_2
D:11:     layout_cave_pools, erik_lair_dragon, david_orc_2, nzn_life_drinkers,
          uniq_nergalle
D:12:     layout_layer_cave, chequers_serial_rivers_small_3, minmay_st_funbox,
          statue_in_the_mist_lemuel, grunt_decor_one_mirror, uniq_nessos,
          uniq_psyche
D:13:     layout_cave_pools, lemuel_flame_loot_1, uniq_jorgrun
D:14:     layout_cave_pods, erik_vaults_1, cheibriados_altar_1
D:15:     grunt_enter_depths_giant_problem, layout_stronghold,
          portal_ice_cave_entry_pillars_1, minmay_misc_feat_alley
Temple:   grunt_temple_mini_profane
Lair:1:   wad_woods_stonehenge, layout_regular_city, gammafunk_ghost_grave
Lair:2:   layout_cave_pods, gauntlet_entry_generic, grunt_megastairs_1,
          lemuel_fruit_tree, serial_bayou_shore_b, infiniplex_staircase_pool
Lair:3:   layout_roguey, alex1729_swamp_entry_worm_eleionoma,
          minmay_snake_entry_guardpost_small, ice2_lemuel, grunt_megastairs_4
Lair:4:   layout_regular_city
Lair:5:   hangedman_lair_caniforms_friends, layout_cave_pods,
          guppyfry_lair_end_dragon, slime_entry_1, nicolae_quartered_pool_super,
          pdpol_lair_neglected_garden, uniq_urug, uniq_josephine
Swamp:1:  layout_falls_marsh, nicolae_swamp_oxbows
Swamp:2:  layout_basic_swamp, evilmike_swamp_ruin_house_4
Swamp:3:  layout_basic_swamp, evilmike_swamp_ruin_house_5, swamp_pool4
Swamp:4:  swamp_old_school, layout_basic_swamp,
          nicolae_swamp_feature_on_the_river_bank
Snake:1:  layout_rooms, serial_shops, shop, drop_trap
Snake:2:  layout_basic, basic_altar, ebering_ghost_gozag, grunt_ministairs_2
Snake:3:  layout_rooms, serial_curves, eino_curves_04, eino_curves_03,
          uniq_azrael
Snake:4:  grunt_snake_rune_spirals, layout_onion, serial_shops,
          nicolae_lakefront_shop, grunt_ministairs_12,
          nicolae_snake_snakes_in_the_grass
Orc:1:    layout_caves, basic_altar, lemuel_statue_altar
Orc:2:    grunt_orc_tribal_feast, layout_diamond_mine, bloody_makhleb
Elf:1:    minmay_elf_arrival_circle, layout_geoelf_octagon, serial_shops,
          nicolae_lakefront_shop, minmay_elf_necromancy
Elf:2:    nicolae_elf_blades_crystal_corner, layout_geoelf_grid, uniq_asterion
Elf:3:    minmay_elf_hall_x, layout_loops_cross, st_stairs_8
Vaults:1: hangedman_vaults_stitches, nicolae_vaults_what_the_h, v_alt_pattern_5,
          vaults_room_hallway, v_misc_23, vaults_room_grunt_arrival_ludios,
          layout_vaults_omnigrid, uniq_aizul, uniq_zenata
Vaults:2: gammafunk_ghost_abyssal_escape, v_misc_15,
          minmay_crypt_entry_necro_gods, nicolae_vaults_more_shelving_2,
          nicolae_vaults_security_offices_3, nicolae_vaults_tangram_1,
          nicolae_vaults_alarming, nicolae_vaults_closet_pinwheel_1,
          nicolae_vaults_specimen_jars, layout_vaults_chaotic_city
Vaults:3: nicolae_vaults_holding_cells, vaults_dpeg_emergency_exit,
          nicolae_vaults_octothorpe, nicolae_vaults_little_squares_6,
          nicolae_vaults_puzzle_piece, nicolae_vaults_sealed_display,
          nicolae_vaults_doubleplus_tesselated, v_misc_9,
          nicolae_vaults_circle_grid_a, v_misc_27, layout_vaults_ring
Vaults:4: grunt_vaults_funnel, nicolae_vaults_disjoint_gnomons,
          ontoclasm_vaults_loading_screen, dpeg_vaults_hating_casters,
          vaults_mumra_minichess, nicolae_vaults_storage_closets_2,
          nicolae_vaults_surprise_closet, nicolae_vaults_closet_pinwheel_6,
          grunt_vaults_bifocal, nicolae_vaults_house_3, layout_vaults_omnibox,
          serial_shops, nicolae_shop_tiny_real_fake_doors
Depths:1: layout_cave_shapes, enter_ziggurat_b, grunt_decor_fettered,
          hell_entry, minivault_12, grunt_megastairs_5, minmay_shop_star,
          serial_bayou_shore_b, serial_bayou_shore_b
Depths:2: kennysheep_ambush_hall, layout_cave_pools, serial_shops, shop,
          pan_entry, hell_entry, minmay_crystal_room, grunt_ministairs_8,
          nicolae_hepliaklqana_hazy_memory
Depths:3: minmay_the_grid_triangle_9x9_recursive_3_mashed
          [minmay_the_grid_triangle_9x9_thin_v,
          minmay_the_grid_triangle_9x9_limited_checkers,
          minmay_the_grid_triangle_9x9_sprig,
          minmay_the_grid_triangle_9x9_prize_schism,
          minmay_the_grid_triangle_9x9_skeleton,
          minmay_the_grid_triangle_9x9_windchime,
          minmay_the_grid_triangle_9x9_corruption,
          minmay_the_grid_triangle_9x9_sparse_checkered,
          minmay_the_grid_triangle_9x9_shrine], layout_basic, abyss_entry,
          pf_hell_entry_great_geh, serial_curves, eino_curves_04,
          eino_curves_03, uniq_frederick
Depths:4: grunt_twist_and_shout, layout_honeycomb,
          amcnicky_mini_rare_corridor_liquid, rand_demon_pan_entry_4,
          hell_entry, uniq_mennas, uniq_josephina
Zot:1:    layout_misc_corridors, regret_index_zot_stipple_split
Zot:2:    layout_misc_corridors, hellmonk_ghost_happy_afterlife,
          regret_index_zotdec_storm_pass, regret_index_zotdec_tunneler
Zot:3:    layout_gridville, lemuel_baited_zot_trap, st_stairs_1
Zot:4:    layout_cathedral_of_symmetry, regret_index_zotdec_iron_s,
          st_large_dragon_hoard_3
Zot:5:    layout_misc_corridors, nicolae_tricolors

Skill      XL: |  1  2  3  4  5  6  7  8  9 10 11 12 13 14 15 16 17 18 19 20 21 22 23 24 25 |
---------------+----------------------------------------------------------------------------+-----
Axes           | 4 5 6 8 10 12 13 15 17 18 | 18.0
Armour         | 1 2 3 4 5 6 8 9 11 12 14 15 16 18 19 20 21 22 | 22.7
Fighting       | 3 4 5 6 7 8 9 11 12 14 15 17 18 19 20 21 22 23 24 25 26 | 26.1
Shields        | 2 4 7 10 13 14 16 17 18 19 20 21 22 | 22.0
Invocations    | 2 4 5 6 9 10 13 14 | 14.0
Evocations     | 5 7 8 9 11 | 11.5
Translocations | 4 6 7 9 10 11 12 | 12.4
Spellcasting   | 2 |  2.1
Dodging        | 4 7 10 12 13 15 | 15.6
Transmutations | 2 5 7 8 |  8.1
Earth Magic    | 3 5 |  5.0
Throwing       | |  2.9

Action                     |  1- 3 |  4- 6 |  7- 9 | 10-12 | 13-15 | 16-18 | 19-21 | 22-24 | 25-27 || total
---------------------------+-------+-------+-------+-------+-------+-------+-------+-------+-------++-------
  Melee: War axe           |    80 |   122 |   216 |   568 |   231 |       |       |       |       ||  1217
         Headbutt          |    12 |    24 |    32 |   131 |   191 |   521 |   678 |   727 |    81 ||  2397
         Punch             |     2 |       |     1 |       |       |       |       |       |       ||     3
         Broad axe         |       |       |       |       |   573 |  1736 |  1940 |  2390 |   244 ||  6883
         Great sword       |       |       |       |       |    31 |       |       |       |       ||    31
  Throw: Javelin           |       |       |       |       |     2 |       |     1 |       |     2 ||     5
   Cast: Apportation       |       |       |       |       |       |       |     9 |     1 |       ||    10
         Blink             |       |       |       |       |       |       |       |     1 |       ||     1
 Invoke: Heroism           |       |       |     3 |     9 |     7 |     9 |    15 |    19 |     3 ||    65
         Receive Weapon    |       |       |       |       |     1 |       |       |       |       ||     1
         Receive Armour    |       |       |       |       |     1 |       |       |       |       ||     1
         Finesse           |       |       |       |       |     1 |     1 |     2 |     4 |       ||     8
         Duel              |       |       |       |       |     1 |       |       |       |       ||     1
  Evoke: Wand              |       |       |       |       |     3 |       |     2 |     3 |     1 ||     9
    Use: Scroll            |       |     4 |     6 |     5 |     6 |    12 |    23 |    25 |     3 ||    84
         Potion            |       |       |       |     1 |     5 |     2 |     4 |     2 |     4 ||    18
   Stab: Confused          |       |       |       |       |     1 |       |       |       |       ||     1
         Distracted        |       |       |       |       |       |       |     1 |       |       ||     1
 Armour: Leather armour    |    19 |       |       |       |       |       |       |       |       ||    19
         Chain mail        |    36 |    76 |   162 |    20 |   569 |   920 |  1077 |   113 |       ||  2973
         Plate armour      |       |       |       |   355 |    66 |       |       |   205 |       ||   626
         Robe              |       |       |       |       |     8 |       |       |       |       ||     8
         Swamp dragon scal |       |       |       |       |       |   316 |       |       |       ||   316
         Gold dragon scale |       |       |       |       |       |       |       |  1234 |    82 ||  1316
         Storm dragon scal |       |       |       |       |       |       |       |   130 |       ||   130
  Dodge: Dodged            |    49 |    74 |    98 |   175 |   259 |   410 |   391 |   497 |    35 ||  1988
  Block: Buckler           |       |       |    11 |   115 |    45 |       |       |       |       ||   171
         Tower shield      |       |       |       |       |   457 |  1571 |  1463 |  1741 |   139 ||  5371

Table legend: (Time is in decaauts)
 A = Elapsed time spent in this place.
 B = Non-inter-level travel time spent in this place.
 C = Inter-level travel time spent in this place.
 D = Time resting spent in this place.
 E = Time spent auto-exploring this place.
 F = Levels seen in this place.
 G = Mean time per level.
                   A        B        C        D        E       F      G
               +--------+--------+--------+--------+--------+-----+--------+
         Total |  76894 |  67090 |   9804 |   9778 |  21105 |  51 | 1507.7 |
       Dungeon |  18647 |  14101 |   4546 |   1123 |   7734 |  15 | 1243.1 |
        Temple |     49 |      2 |     47 |      0 |      0 |   1 |   49.0 |
          Lair |   8427 |   7230 |   1197 |    587 |   2472 |   5 | 1685.4 |
         Swamp |   4449 |   3963 |    486 |    668 |    982 |   4 | 1112.2 |
     Snake Pit |   6821 |   6499 |    322 |   1051 |   1656 |   4 | 1705.2 |
  Orcish Mines |   2053 |   1808 |    245 |    270 |    333 |   2 | 1026.5 |
   Elven Halls |   4174 |   3909 |    265 |    281 |   1395 |   3 | 1391.3 |
        Vaults |   8508 |   7656 |    852 |    959 |   2274 |   4 | 2127.0 |
        Depths |   8156 |   7363 |    793 |   1771 |   1477 |   4 | 2039.0 |
           Zot |  14147 |  13100 |   1047 |   2731 |   2666 |   5 | 2829.4 |
         Abyss |    468 |    468 |      0 |    185 |      0 |   1 |  468.0 |
      Ice Cave |    638 |    638 |      0 |    134 |      0 |   1 |  638.0 |
      Gauntlet |    330 |    330 |      0 |      0 |    115 |   1 |  330.0 |
         Arena |     21 |     21 |      0 |     14 |      0 |   1 |   21.0 |
               +--------+--------+--------+--------+--------+-----+--------+

Top non-repeatable levels by time:
   Zot:5: 5545 daAuts
   Zot:3: 3128 daAuts
   Zot:4: 3091 daAuts
Vaults:2: 2888 daAuts
 Snake:4: 2769 daAuts
Depths:4: 2559 daAuts
Depths:3: 2534 daAuts
  Lair:5: 2515 daAuts
    D:11: 2360 daAuts
 Snake:2: 2100 daAuts
Vaults:1: 2092 daAuts
   Elf:3: 1967 daAuts
    D:14: 1904 daAuts
Vaults:3: 1795 daAuts
  Lair:3: 1739 daAuts
